 Dungeon Crawl Stone Soup version 0.25-a0-667-gb977e01cb5 (webtiles) character file.

Game seed: 6687093581121276074, levelgen mode: deterministic

227 Error4North the Shield-Bearer (level 6, 0/53 HPs)
             Began as a Hill Orc Fighter on Mar 28, 2020.
             Slain by an ogre
             ... wielding a +0 giant club
              (5 damage)
             ... on level 3 of the Dungeon.
             The game lasted 00:07:09 (2693 turns).

Error4North the Shield-Bearer (Hill Orc Fighter)    Turns: 2693, Time: 00:07:10

Health: 0/53       AC:  8    Str: 21    XL:     6   Next: 2%
Magic:  6/6        EV:  7    Int:  8    God:
Gold:   173        SH:  9    Dex: 10    Spells: 5/5 levels left

rFire    . . .     SeeInvis .   a - +0 war axe
rCold    . . .     Gourm    .   c - +0 kite shield
rNeg     . . .     Faith    .   b - +0 scale mail
rPois    .         Spirit   .   (no helmet)
rElec    .         Reflect  .   (no cloak)
rCorr    .         Harm     .   i - +0 pair of gloves (curse)
MR       .....                  (no boots)
Stlth    ..........             (no amulet)
HPRegen  0.17/turn              (no ring)
MPRegen  0.10/turn              (no ring)

@: no status effects
A: no striking features
a: no special abilities


You were on level 3 of the Dungeon.
You were not hungry.

You visited 1 branch of the dungeon, and saw 4 of its levels.

You collected 173 gold pieces.

Inventory:

Hand Weapons
 a - a +0 war axe (weapon)
Missiles
 k - 8 boomerangs (quivered)
Armour
 b - a +0 scale mail (worn)
 c - a +0 kite shield (worn)
 i - a cursed +0 pair of gloves (worn)
Jewellery
 g - an uncursed ring of flight {unknown}
Wands
 h - a wand of polymorph (5)
 t - a wand of flame (23)
Scrolls
 e - 3 scrolls of magic mapping {unknown}
 j - 2 scrolls of remove curse {unknown}
 n - a scroll of identify {unknown}
 p - a scroll of teleportation {unknown}
 r - a scroll of immolation {unknown}
 s - a scroll of enchant armour {unknown}
Potions
 d - a potion of might
 m - 2 potions of heal wounds {unknown}
 o - a potion of lignification {unknown}
 q - a potion of cancellation {unknown}
Comestibles
 f - 6 rations


   Skills:
 * Level 4.6 Fighting
 + Level 4.4 Axes
 * Level 4.4 Armour
 + Level 0.5 Dodging
 * Level 4.9 Shields


You had 5 spell levels left.
You didn't know any spells.
Your spell library was empty.

Dungeon Overview and Level Annotations

Branches:
Dungeon (4/15)
 Temple: D:4-7

Altars:
Makhleb
Ru
Sif Muna
Xom
Yredelemnul
Zin

Annotations:
D:3 1 runed translucent door, zikan's ghost, amateur GrEE
D:4 Dowan; Duvessa; Sigmund


Message History

Sigmund hits you from afar with a +0 scythe.
The ogre hits you with a +0 giant club.
Sigmund mumbles some strange words.
Sigmund flickers and vanishes!
Deactivating autopickup; reactivate with Ctrl-A.
You see here 9 gold pieces.
There is a stone staircase leading up here.
The ogre hits you with a +0 giant club!!
Ouch! That really hurt!
* * * LOW HITPOINT WARNING * * *
You climb upwards.
Level annotation: 1 runed translucent door, zikan's ghost, amateur GrEE Reactivating autopickup.
There is a stone staircase leading down here.
It was a potion of curing.
You feel better. The ogre hits you with a +0 giant club!
* * * LOW HITPOINT WARNING * * *
Your shield and scale mail prevent you from hitting the ogre.
The ogre hits you with a +0 giant club.
You die...

#.#.# #..... #### #.#.# ###...
########..## #.#(######### #...
#........#########(........# ####
#........+SFW≈(≈##.........## #..
#........########...........# #..
#.........#.# #.#.####+###.###..
#.........#.# #.................
..........#.####@..####.###.###..
..........#.##.O........# #.# #..
......÷..##.##.#...####.# #.# #..
.###'######........####.# #.###≈≈
.###.# #..#.#........# #.#....
.+.#.# #..#.##..####.# #.#.#..
.#.#.# #..#.##..# #.# #.#.#.#
.#.#.# #..#.##.## #.# #......
##.#.######..#.##.# #.#####.#.#


You could see an ogre.

Vanquished Creatures
  A scorpion (D:4)
  An orc wizard (D:3)
  Ijyb (D:3)
  A worker ant (D:4)
  3 adders
  An adder skeleton (D:4)
  2 worms (D:2)
  6 orcs
  2 ball pythons
  2 giant cockroaches
  11 goblins
  4 hobgoblins
  6 jackals
  5 kobolds
  A quokka (D:3)
  4 bats
  6 frilled lizards
  8 rats
65 creatures vanquished.

Notes
Turn   | Place    | Note
-------+----------+-------------------------------------------
     0 | D:1      | Error4North the Hill Orc Fighter began the quest for the
                  | Orb.
     0 | D:1      | Reached XP level 1. HP: 19/19 MP: 1/1
   108 | D:1      | Reached XP level 2. HP: 27/27 MP: 2/2
   629 | D:2      | Found a burning altar of Makhleb.
   629 | D:2      | Found a shimmering altar of Xom.
   672 | D:2      | Reached XP level 3. HP: 21/33 MP: 3/3
   820 | D:2      | Found a glowing silver altar of Zin.
   840 | D:2      | Found a basalt altar of Yredelemnul.
   882 | D:2      | You fall into a shaft and drop 1 floor!
  1481 | D:2      | Found a shimmering blue altar of Sif Muna.
  1638 | D:3      | Found a runed translucent door.
  1639 | D:3      | Noticed a bullfrog
  1640 | D:3      | Reached XP level 4. HP: 40/40 MP: 4/4
  1640 | D:3      | Noticed zikan's ghost (amateur GrEE)
  1720 | D:3      | Found a sacrificial altar of Ru.
  2098 | D:3      | Reached XP level 5. HP: 45/47 MP: 5/5
  2188 | D:3      | Noticed Ijyb
  2200 | D:3      | Killed Ijyb
  2285 | D:4      | Reached XP level 6. HP: 45/53 MP: 6/6
  2299 | D:4      | Noticed Duvessa
  2299 | D:4      | Noticed Sigmund
  2300 | D:4      | Noticed Dowan
  2690 | D:4      | HP: 2/53 [ogre/+0 giant club (27)]
  2693 | D:3      | Slain by an ogre

Levels and vault maps discovered:
D:1:      scummos_arrival_hexagon, layout_basic
D:2:      layout_loops_cross, chequers_temple_overflow_statue_of_worship,
          lemuel_round_altar, yredelemnul_altar_generic, led_sif_pool,
          hex_medium, dk_noncrumbling_4
D:3:      kennysheep_goblin_castle, layout_basic, ebering_ghost_sewer_d,
          hangedman_ru_absence
D:4:      layout_loops_ring, lemuel_round_altar, elyvilon_altar_4, first_ration,
          uniq_duvessa, uniq_crazy_yiuf_cottage, uniq_sigmund

Skill      XL: |  1  2  3  4  5 |
---------------+----------------+-----
Fighting       | 4 |  4.6
Shields        | 4 |  4.9
Axes           | 3 4 |  4.4
Armour         | 4 |  4.4
Dodging        | |  0.5

Action                   |  1- 3 |  4- 6 || total
-------------------------+-------+-------++-------
Melee: War axe           |   124 |    84 ||   208
  Use: Potion            |       |     1 ||     1
  Eat: Chunk             |     3 |     3 ||     6
Armor: Scale mail        |    64 |    47 ||   111
       Skin              |       |    14 ||    14
Dodge: Dodged            |    40 |    22 ||    62
Block: Kite shield       |    69 |    56 ||   125

Table legend:
 A = Non-vault XP
 B = Vault XP
 C = Vault XP percentage of total XP
 D = Non-vault monster count
 E = Vault monster count
 F = Vault count percentage of total count
                 A         B        C        D         E       F
            +---------+---------+-------+---------+---------+-------
      Total |     270 |      55 |  16.9 |      53 |      12 |  18.5
            +---------+---------+-------+---------+---------+-------
        D:1 |      19 |       0 |   0.0 |      12 |       0 |   0.0
        D:2 |      39 |       0 |   0.0 |      13 |       0 |   0.0
        D:3 |     103 |      55 |  34.8 |      23 |      12 |  34.3
        D:4 |     109 |       0 |   0.0 |       5 |       0 |   0.0
            +---------+---------+-------+---------+---------+-------
